 Dungeon Crawl Stone Soup version 0.27.1-33-g824d729ab1 (webtiles) character file.

Game seed: 6816938411561396819

83 MisterFreud the Cutter (level 4, 0/38 HPs)
             Began as a Gnoll Wanderer on Dec 21, 2021.
             Was a Believer of Cheibriados.
             Slain by a gnoll (3 damage)
             ... on level 4 of the Dungeon.
             The game lasted 00:02:03 (1891 turns).

MisterFreud the Cutter (Gnoll Wanderer)             Turns: 1891, Time: 00:02:03

Health: 0/38       AC:  2    Str: 16    XL:     4   Next: 44%
Magic:  5/5        EV: 12    Int: 14    God:    Cheibriados [**....]
Gold:   72         SH:  0    Dex: 20    Spells: 5/5 levels left

rFire    . . .     SeeInvis .   a - +2 short sword
rCold    . . .     Faith    +   (no shield)
rNeg     . . .     Spirit   .   d - +0 robe
rPois    .         Reflect  .   (no helmet)
rElec    .         Harm     .   (no cloak)
rCorr    .         Rampage  .   (no gloves)
Will     .....                  (no boots)
Stlth    ++++......             j - amulet of faith
HPRegen  0.12/turn              (no ring)
MPRegen  0.09/turn              (no ring)

@: very slow
A: fangs 1, strong nose, distributed training
a: Renounce Religion, Bend Time


You were on level 4 of the Dungeon.
You worshipped Cheibriados.
Cheibriados was pleased with you.
You visited 1 branch of the dungeon, and saw 4 of its levels.

You collected 72 gold pieces.

Inventory:

Hand Weapons
 a - a +2 short sword (weapon)
 e - a +0 dagger
Armour
 d - a +0 robe (worn)
Jewellery
 j - an amulet of faith (around neck)
Scrolls
 g - a scroll of teleportation {unknown}
 h - a scroll of identify {unknown}
 k - a scroll of enchant weapon {unknown}
 m - a scroll of amnesia {unknown}
Potions
 b - a potion of lignification
 c - a potion of curing
 f - 2 potions of heal wounds {unknown}
 i - a potion of haste {unknown}
 l - a potion of degeneration {unknown}
 n - a potion of might {unknown}
 o - a potion of berserk rage {unknown}


   Skills:
 + Level 4.6 Fighting
 + Level 6.6 Short Blades
 + Level 1.1 Long Blades
 + Level 1.1 Axes
 + Level 1.1 Maces & Flails
 + Level 1.1 Polearms
 + Level 1.1 Staves
 + Level 1.1 Slings
 + Level 1.1 Bows
 + Level 1.1 Crossbows
 + Level 2.7 Throwing
 + Level 1.1 Armour
 + Level 1.1 Dodging
 + Level 6.0 Stealth
 + Level 1.1 Shields
 + Level 2.7 Unarmed Combat
 + Level 1.1 Spellcasting
 + Level 0.9 Conjurations
 + Level 0.9 Hexes
 + Level 0.9 Summonings
 + Level 0.9 Necromancy
 + Level 0.9 Translocations
 + Level 0.9 Transmutations
 + Level 0.9 Fire Magic
 + Level 0.9 Ice Magic
 + Level 0.9 Air Magic
 + Level 0.9 Earth Magic
 + Level 0.9 Poison Magic
 + Level 1.2 Invocations
 + Level 1.1 Evocations


You had 5 spell levels left.
You didn't know any spells.
Your spell library contained the following spells:

 Spells                   Type           Power      Damage    Failure   Level
 Animate Skeleton         Necr           6%         N/A       19%         1
 Pain                     Necr           12%        1d4       19%         1
 Tukima's Dance           Hex            3%         N/A       47%         3
 Vampiric Draining        Necr           1%         2d6       47%         3
 Passage of Golubria      Tloc           N/A        N/A       87%         4
 Yara's Violent Unravell  Hex/Tmut       1%         3d3       99%         5


Dungeon Overview and Level Annotations

Branches:
Dungeon (4/15)
 Temple: D:4-7

Altars:
Cheibriados
Vehumet


Innate Abilities, Weirdness & Mutations

You have very sharp teeth.
Your uncanny sense of smell can sniff out nearby items.
Your experience applies equally to all skills.


Message History

The jackal bites you but does no damage.
You hit the jackal. Your bite misses the jackal.
The jackal is almost dead.
The jackal completely misses you.
You hit the jackal.
You kill the jackal!
Cheibriados thoroughly appreciates the change of pace.
No target in view!
Found a stone staircase leading down.
A gnoll comes into view. It is wielding a +0 club.
A gnoll is nearby!
The gnoll shouts!
You hear a shout! x2
A gnoll comes into view. It is wielding a +0 halberd.
A gnoll comes into view. It is wielding a +0 whip. x2
The gnoll shouts!
The gnoll misses you. The gnoll closely misses you.
The gnoll hits you but does no damage. The gnoll barely misses you.
The gnoll hits you from afar with a +0 halberd!
The gnoll hits you with a +0 club! The gnoll hits you with a +0 club!
* * * LOW HITPOINT WARNING * * *
There is a stone staircase leading down here.
You climb downwards.
Found a scroll labelled PEBETU VOUSS.
There is a stone staircase leading up here.
You barely miss the gnoll. You bite the gnoll.
The gnoll is moderately wounded.
The gnoll completely misses you.
You closely miss the gnoll.
The gnoll is moderately wounded.
The gnoll hits you with a +0 club.
* * * LOW HITPOINT WARNING * * *
You feel better. The gnoll hits you with a +0 club.
* * * LOW HITPOINT WARNING * * *
You hit the gnoll.
The gnoll is heavily wounded.
You closely miss the gnoll.
The gnoll is heavily wounded.
The gnoll hits you with a +0 club.
You die...

####.#
#....# #
.....#
##.###....#
..........
.......##
#.....#
#..@g.#
#.........?
#.#.#.###..
#.#.### .
#.. #. ###
∆#


You could see a gnoll.

Vanquished Creatures
  3 adders (D:2)
  A worm (D:2)
  An orc (D:3)
  8 endoplasms
  3 goblins
  4 hobgoblins (D:1)
  9 jackals
  A quokka (D:2)
  4 ball pythons
  4 bats (D:1)
  4 frilled lizards
  3 kobolds
  5 rats
50 creatures vanquished.

Notes
Turn   | Place    | Note
-------+----------+-------------------------------------------
     0 | D:1      | MisterFreud the Gnoll Wanderer began the quest for the Orb.
     0 | D:1      | MisterFreud set off with the following items: a +2 short
                  | sword, a potion of lignification, a potion of curing, a +0
                  | robe, a +0 dagger
     0 | D:1      | Reached XP level 1. HP: 20/20 MP: 1/1
   143 | D:1      | Reached XP level 2. HP: 26/26 MP: 2/2
   416 | D:1      | Found a faded altar of an unknown god.
   574 | D:1      | Became a worshipper of Cheibriados the Contemplative
   574 | D:1      | Reached * piety under Cheibriados
   742 | D:2      | Reached XP level 3. HP: 28/31 MP: 3/3
   916 | D:2      | Reached skill level 1 in Invocations
  1102 | D:2      | Reached ** piety under Cheibriados
  1103 | D:2      | Reached skill level 1 in Long Blades
  1103 | D:2      | Reached skill level 1 in Axes
  1103 | D:2      | Reached skill level 1 in Maces & Flails
  1103 | D:2      | Reached skill level 1 in Polearms
  1103 | D:2      | Reached skill level 1 in Staves
  1103 | D:2      | Reached skill level 1 in Slings
  1103 | D:2      | Reached skill level 1 in Bows
  1103 | D:2      | Reached skill level 1 in Crossbows
  1103 | D:2      | Reached skill level 1 in Armour
  1103 | D:2      | Reached skill level 1 in Dodging
  1103 | D:2      | Reached skill level 1 in Shields
  1103 | D:2      | Reached skill level 1 in Spellcasting
  1103 | D:2      | Reached skill level 1 in Evocations
  1199 | D:2      | Reached XP level 4. HP: 30/38 MP: 5/5
  1685 | D:3      | Found a radiant altar of Vehumet.
  1891 | D:4      | Slain by a gnoll

Illustrated notes

Levels and vault maps discovered:
D:1:      lemuel_arrival_behind_the_door_large, layout_rooms,
          shapermc_ecumenical_altar_petra, minmay_misc_feat_tower
D:2:      minmay_door_path, layout_basic
D:3:      layout_basic, nicolae_vehumet_altar_sigil, serial_shops, shop,
          uniq_ijyb, uniq_jessica
D:4:      minmay_octagon_keep, layout_basic, kennysheep_okawaru_gauntlet,
          minmay_close_crescents

Skill      XL: |  1  2  3 |
---------------+----------+-----
Stealth        | 6 |  6.0
Invocations    | 1 |  1.2
Long Blades    | 1 |  1.1
Axes           | 1 |  1.1
Maces & Flails | 1 |  1.1
Polearms       | 1 |  1.1
Staves         | 1 |  1.1
Slings         | 1 |  1.1
Bows           | 1 |  1.1
Crossbows      | 1 |  1.1
Armour         | 1 |  1.1
Dodging        | 1 |  1.1
Shields        | 1 |  1.1
Spellcasting   | 1 |  1.1
Evocations     | 1 |  1.1
Fighting       | |  4.6
Short Blades   | |  6.6
Throwing       | |  2.7
Unarmed Combat | |  2.7
Conjurations   | |  0.9
Hexes          | |  0.9
Summonings     | |  0.9
Necromancy     | |  0.9
Translocations | |  0.9
Transmutations | |  0.9
Fire Magic     | |  0.9
Ice Magic      | |  0.9
Air Magic      | |  0.9
Earth Magic    | |  0.9
Poison Magic   | |  0.9

Action                   |  1- 3 |  4- 6 || total
-------------------------+-------+-------++-------
Melee: Short sword       |    74 |    30 ||   104
       Bite              |     7 |     3 ||    10
  Use: Potion            |       |     1 ||     1
 Stab: Sleeping          |    13 |     6 ||    19
Armor: Robe              |     5 |     4 ||     9
Dodge: Dodged            |    23 |    18 ||    41
